 Dungeon Crawl Stone Soup version 0.31-a0-277-g31ea1f65cc (webtiles) character file.

Game seed: 5912431381223790740

2618 Maxmaps the Fighter (level 9, 0/138 (159) HPs)
             Began as an Ogre Shapeshifter on July 15, 2023.
             Was an Initiate of the Shining One.
             Succumbed to a wight's poison
             ... on level 7 of the Dungeon.
             The game lasted 00:08:28 (9117 turns).

Maxmaps the Fighter (Ogre Shapeshifter)             Turns: 9117, Time: 00:08:29

HP:   0/138 (159)   AC:  3    Str: 21    XL:     9   Next: 60%
MP:   9/9           EV:  9    Int: 13    God:    the Shining One [......]
Gold: 237           SH:  0    Dex:  9    Spells: 8/8 levels left

rFire   . . .        b - +0 giant spiked club
rCold   . . .        (shield currently unavailable)
rNeg    . . .        a - +0 animal skin
rPois   .            (helmet currently unavailable)
rElec   .            i - melded +0 cloak
rCorr   .            (gloves unavailable)
SInv    .            (boots unavailable)
Will    .....        (no amulet) Stlth
                     (no ring)
HPRegen 0.43/turn    (no ring)
MPRegen 0.11/turn

%: no passive effects
@: berserking (expiring), lethally poisoned (0 -> -18), beast-form, glowing,
heavily drained, very quick
A: beast (slay +2), large, unfitting armour, tough skin 1
a: Begin Untransformation, Renounce Religion


You were on level 7 of the Dungeon.
You worshipped the Shining One.
The Shining One was noncommittal.
You were a hulking beast.
You visited 2 branches of the dungeon, and saw 8 of its levels.

You collected 237 gold pieces.

Inventory:

Hand Weapons
 b - a +0 giant spiked club (weapon)
 e - a +0 mace
Missiles
 f - a throwing net
Armour
 a - a +0 animal skin (worn)
 i - a +0 cloak (melded)
Jewellery
 l - a +6 ring of strength
Talismans
 c - a beast talisman
Scrolls
 g - 2 scrolls of poison
Potions
 d - 3 potions of attraction
 j - a potion of curing
 m - a potion of brilliance


   Skills:
 - Level 12.0 Fighting
 + Level 11.6 Maces & Flails
 - Level 1.7 Dodging
 - Level 1.7 Unarmed Combat
 - Level 3.0 Shapeshifting


You had 8 spell levels left.
You didn't know any spells.
Your spell library contained the following spells:

 Spells                   Type           Power      Damage    Failure   Level
 Sting                    Tmut/Pois      0%         1d3       30%         1
 Ensorcelled Hibernation  Hex/Ice        0%         N/A       43%         2
 Poisonous Vapours        Pois/Air       0%         N/A       43%         2
 Ignite Poison            Fire/Tmut/Pois 0%         N/A       67%         3
 Anguish                  Hex/Necr       0%         N/A       97%         4
 Olgreb's Toxic Radiance  Pois           0%         N/A       97%         4
 Sticky Flame             Conj/Fire      0%         2d3       97%         4
 Ignition                 Fire           0%         3d3       100%        8


Dungeon Overview and Level Annotations

Branches:
Dungeon (7/15)             Temple (1/1) D:7

Altars:
Ashenzari
Cheibriados
Dithmenos
Fedhas
Gozag
Hepliaklqana
Kikubaaqudgha
Makhleb
Nemelex Xobeh
Okawaru
Qazlal
Ru
Sif Muna
Trog
Uskayaw
Vehumet
Wu Jian
Xom
Zin
The Shining One

Annotations:
D:6 1 transporter, reriks's ghost, novice DEVM


Innate Abilities, Weirdness & Mutations

You are a hulking beast.
Your limbs bulge with bestial killing power. (Slay +2)
You are too large for most types of armour.
You have tough skin. (AC +1)


Message History

The wight is severely damaged.
You feel extremely sick. The wight hits you with a +5 trident!
The wight hits you with a +0 dagger of venom.
You feel drained.
You closely miss the wight.
The wight is severely damaged.
You feel very sick.
The wight hits you with a +0 dagger of venom.
* * * LOW HITPOINT WARNING * * *
You are more poisoned.
The wight closely misses you.
You closely miss the wight.
The wight is severely damaged.
* * * LOW HITPOINT WARNING * * *
You feel very sick.
You barely miss the wight.
The wight is severely damaged.
* * * LOW HITPOINT WARNING * * *
You feel very sick. The wight hits you but does no damage.
You are lethally poisoned!
The wight hits you with a +5 trident!
* * * LOW HITPOINT WARNING * * *
You impale the wight!!
You destroy the wight!
The Shining One accepts your kill.
* * * LOW HITPOINT WARNING * * *
You feel very sick.
The wight hits you with a +0 dagger of venom.
* * * LOW HITPOINT WARNING * * *
You feel drained.
You are too berserk!
You closely miss the wight.
* * * LOW HITPOINT WARNING * * *
You feel very sick. The wight hits you but does no damage.
You hit the wight.
The wight is lightly damaged.
You die...

#..+.....<... #...# #.
##+###..########+### ##'#####.
........##....##....###.##....
..............#..........#....
..........###'###........#....
........###.....#........#....
........###.###.####.#####....
....##....+.#>#.'.##.###.....#
##+ ##....#.#h#.#.)....#.....#
#.....#.))z.#......#.....#
#...#####'###......'.....#
#...##....##.......#.....#
#....#....##.............#
##...#....##....#........#
##...#.........#.#.......#
#....#........#.#.#......#
#....#.......#.#.#.#.....#


You could see a wight.

Vanquished Creatures
  Sigmund (D:6)
  2 ice beasts
  4 black bears
  An ogre (D:6)
  A centaur (D:7)
  A bullfrog (D:6)
  Blork the orc (D:4)
  2 scorpions
  3 wights (D:7)
  A howler monkey (D:6)
  A vampire bat (D:4)
  Crazy Yiuf (D:3)
  A gnoll bouda (D:7)
  7 hounds
  2 jellies
  2 sleepcaps
  Jessica (D:3)
  3 iguanas
  Natasha (thrice) (D:4)
  Robin (D:4)
  8 gnolls
  10 adders
  2 shadow imps (D:6)
  An ufetubus (D:4)
  2 worms
  3 dart slugs
  3 fire bats (D:4)
  2 orcs (D:6)
  A spectral bat (D:4)
  14 bats
  3 bat skeletons (D:4)
  A bat zombie (D:4)
  7 endoplasms
  6 giant cockroaches
  13 goblins
  8 hobgoblins
  4 jackals
  3 quokkas
  5 ball pythons
  A bat simulacrum (D:4)
  13 frilled lizards
  5 kobolds
  5 rats
159 creatures vanquished.

Vanquished Creatures (others)
  A spectral bat (D:4)
1 creature vanquished.

Grand Total: 160 creatures vanquished

Notes
Turn   | Place    | Note
-------+----------+-------------------------------------------
     0 | D:1      | Maxmaps the Ogre Shapeshifter began the quest for the Orb.
     0 | D:1      | Reached XP level 1. HP: 22/22 MP: 1/1
    76 | D:1      | Reached skill level 3 in Fighting
   110 | D:1      | Reached XP level 2. HP: 31/31 MP: 2/2
   233 | D:1      | Reached skill level 1 in Maces & Flails
   659 | D:1      | Reached XP level 3. HP: 36/37 MP: 3/3
  1260 | D:2      | Reached XP level 4. HP: 28/46 MP: 4/4
  1775 | D:3      | You fall into a shaft and drop 2 floors!
  1775 | D:5      | Entered Level 5 of the Dungeon
  1866 | D:5      | Found a shadowy altar of Dithmenos.
  1897 | D:5      | Reached XP level 5. HP: 30/53 MP: 5/5
  2304 | D:4      | Found a hide-covered altar of Uskayaw.
  2306 | D:4      | Noticed Natasha
  2318 | D:4      | Killed Natasha
  2492 | D:4      | Noticed Natasha
  2503 | D:4      | Killed Natasha
  2696 | D:4      | Noticed a black bear
  2877 | D:3      | Reached XP level 6. HP: 44/61 MP: 6/6
  3113 | D:3      | Noticed Jessica
  3119 | D:3      | Killed Jessica
  3120 | D:3      | Reached skill level 5 in Maces & Flails
  3229 | D:3      | Noticed a black bear
  3245 | D:3      | Killed a black bear
  3413 | D:3      | Reached skill level 12 in Fighting
  3413 | D:3      | Reached XP level 7. HP: 91/91 MP: 7/7
  3528 | D:3      | Found a runed translucent door.
  3529 | D:3      | Noticed Crazy Yiuf
  3770 | D:3      | Killed Crazy Yiuf
  3999 | D:4      | Reached skill level 10 in Maces & Flails
  4034 | D:4      | Noticed Blork the orc
  4047 | D:4      | Killed Blork the orc
  4352 | D:4      | Reached XP level 8. HP: 87/98 MP: 8/8
  4420 | D:4      | Noticed Robin
  4426 | D:4      | Noticed Natasha
  4441 | D:4      | Killed Robin
  4701 | D:4      | Found a shimmering blue altar of Sif Muna.
  5248 | D:4      | Killed Natasha
  5471 | D:5      | Identified the +1 scale mail of Lugonu's Inspiration
                  | {Rampage rCorr Str+2}
  6246 | D:6      | Found a transporter.
  6252 | D:6      | Found a transporter.
  6302 | D:6      | Noticed Sigmund
  6323 | D:6      | Killed Sigmund
  6324 | D:6      | Reached XP level 9. HP: 41/106 MP: 9/9
  6948 | D:6      | Identified the +6 spear of the Festooned God {elec, Fragile
                  | Dex+6}
  6948 | D:6      | Identified the +0 ring mail "Joil" {rCorr Str+5 Int+2}
  6990 | D:6      | Noticed reriks's ghost (novice DEVM)
  7998 | D:6      | HP: 3/106 [gnoll sergeant/+0 spear (6)]
  8297 | D:7      | Found a stormy altar of Qazlal.
  8809 | D:7      | Found a snail-covered altar of Cheibriados.
  8825 | D:7      | Found a radiant altar of Vehumet.
  8937 | D:7      | Found a staircase to the Ecumenical Temple.
  8990 | Temple   | Entered the Ecumenical Temple
  9084 | Temple   | Became a worshipper of the Shining One
  9116 | D:7      | HP: 3/138 [poisoned by a wight]
  9117 | D:7      | Succumbed to a wight's poison

Illustrated notes

Levels and vault maps discovered:
D:1:      eino_arrival_water_star, layout_basic
D:2:      layout_rooms, st_stairs_2, minmay_lizard_king
D:3:      layout_loops_ring, uniq_jessica, uniq_crazy_yiuf_cottage
D:4:      layout_gridville, led_sif_book, eat_drink_and_be_merry_uskayaw,
          goddamned_bats, uniq_blork_the_orc, uniq_natasha, uniq_robin
D:5:      layout_basic, mainiacjoe_overflow_paths
D:6:      layout_loops_corners, gammafunk_ghost_gnarly_gnolls,
          minmay_misc_feat_five, dreamdust_gnoll_farm, uniq_sigmund
D:7:      layout_gridville, nicolae_qazlal_style_of_elements,
          mainiacjoe_overflow_large_starburst, minmay_temple_entry_glassed_door,
          nicolae_the_louvre
Temple:   zaba_magenta_temple

Skill      XL: |  1  2  3  4  5  6  7  8  9 |
---------------+----------------------------+-----
Fighting       | 3 12 | 12.0
Maces & Flails | 1 2 3 4 9 10 11 | 11.6
Dodging        | |  1.7
Unarmed Combat | |  1.7
Shapeshifting  | |  3.0

Action                     |  1- 3 |  4- 6 |  7- 9 || total
---------------------------+-------+-------+-------++-------
  Melee: Unarmed           |    10 |       |       ||    10
         Punch             |     1 |     2 |     3 ||     6
         Mace              |    85 |   146 |   198 ||   429
         Giant spiked club |       |       |    85 ||    85
    Use: Potion            |       |     3 |     5 ||     8
         Scroll            |       |     2 |     7 ||     9
   Stab: Sleeping          |     1 |       |     1 ||     2
 Armour: Animal skin       |    25 |    42 |    76 ||   143
         Skin              |       |    22 |       ||    22
  Dodge: Dodged            |    58 |    82 |   182 ||   322
         Form:             |       |       |     1 ||     1
         Beast             |       |       |     1 ||     1

Table legend: (Time is in decaauts)
 A = Elapsed time spent in this place.
 B = Non-inter-level travel time spent in this place.
 C = Inter-level travel time spent in this place.
 D = Time resting spent in this place.
 E = Time spent auto-exploring this place.
 F = Levels seen in this place.
 G = Mean time per level.
                   A        B        C        D        E       F      G
               +--------+--------+--------+--------+--------+-----+--------+
         Total |   9164 |   8851 |    313 |   2954 |   4580 |   8 | 1145.5 |
       Dungeon |   9053 |   8757 |    296 |   2954 |   4495 |   7 | 1293.3 |
        Temple |    110 |     93 |     17 |      0 |     85 |   1 |  110.0 |
               +--------+--------+--------+--------+--------+-----+--------+

Top non-repeatable levels by time:
     D:4: 1888 daAuts
     D:6: 1712 daAuts
     D:5: 1648 daAuts
     D:3: 1294 daAuts
     D:1: 993 daAuts
     D:2: 789 daAuts
     D:7: 725 daAuts
  Temple: 110 daAuts
